 Dungeon Crawl Stone Soup version 0.17.0-1-g61d176b (webtiles) character file.

9 Gorice the Shooter (level 2, 0/23 HPs)
             Began as a Centaur Wanderer on Nov 7, 2015.
             Slain by a bat (1 damage)
             ... on level 1 of the Dungeon.
             The game lasted 00:01:42 (128 turns).

Gorice the Shooter (Centaur Wanderer)                Turns: 128, Time: 00:01:42

Health: 0/23       AC:  5    Str: 13    XL:     2   Next: 3%
Magic:  2/2        EV:  8    Int: 11    God:
Gold:   35         SH:  0    Dex:  9    Spells: 0 memorised, 1 level left

rFire  . . .     SeeInvis .     d - +0 club
rCold  . . .     Clarity  .     b - +0 ring mail
rNeg   . . .     SustAt   .     (no shield)
rPois  .         Gourm    .     (no helmet)
rElec  .         Spirit   .     (no cloak)
rCorr  .         Warding  .     (no gloves)
rMut   .         Stasis   .     (no barding)
MR     .....                    (no amulet)
Stlth  ..........               (no ring)
                                (no ring)

@: very quick, not resistant to hostile enchantments, extremely unstealthy
A: hooves 3, deformed body, speed 2, tough skin 3
a: no special abilities


You were on level 1 of the Dungeon.
You were not hungry.

You visited 1 branch of the dungeon, and saw 1 of its levels.

You collected 35 gold pieces.

Inventory:

Hand Weapons
 d - a +0 club (weapon)
Armour
 b - a +0 ring mail (worn)
Potions
 c - a potion of curing
Miscellaneous
 a - a phial of floods
Comestibles
 e - a bread ration {!e}
 f - 3 chunks of flesh
 g - a meat ration {!e}
 h - a beef jerky


   Skills:
 + Level 1.1 Fighting
   Level 4.0 Bows
   Level 3.2 Crossbows
 + Level 1.7 Armour
   Level 1.0 Shields
 - Level 1.0 Evocations


You had one spell level left.
You didn't know any spells.

Dungeon Overview and Level Annotations

Branches:
Dungeon (1/15)

Altars:


Innate Abilities, Weirdness & Mutations

You have hooves in place of feet.
Armour fits poorly on your strangely shaped body.
You cover ground very quickly.
You have extremely tough skin (AC +3).


Message History

A giant gecko comes into view.
You barely miss the kobold.
The kobold is moderately wounded.
The rat twitches its whiskers.
The kobold closely misses you.
You hit the kobold but do no damage. You kick the kobold, but do no damage.
The kobold is moderately wounded.
The kobold closely misses you.
You hit the kobold but do no damage.
The kobold is moderately wounded.
The kobold hits you with a whip.
Damage: 2 (max 2)
You barely miss the kobold.
The kobold is moderately wounded.
The kobold barely misses you.
The rat twitches its whiskers.
The kobold barely misses you.
You closely miss the kobold. Your kick misses the kobold.
The kobold is moderately wounded.
The kobold hits you but does no damage.
You hit the kobold. Your kick misses the kobold.
The kobold is moderately wounded.
The kobold hits you with a whip.
Damage: 1 (max 2)
You hit the kobold.
The kobold is heavily wounded.
The kobold closely misses you.
You hit the kobold.
You kill the kobold!
You closely miss the giant gecko.
You kick the giant gecko, but do no damage.
The giant gecko bites you. The giant gecko closely misses you.
A bat comes into view.
Damage: 1 (max 2)
You hit the giant gecko.
The giant gecko is moderately wounded.
The giant gecko bites you.
The giant gecko bites you but does no damage.
Damage: 3 (max 3)
You hit the giant gecko. Your kick misses the giant gecko.
The giant gecko is almost dead.
The bat barely misses you. The giant gecko bites you.
* * * LOW HITPOINT WARNING * * *
Damage: 4 (max 4)
You hit the giant gecko.
You kill the giant gecko!
You have reached level 2!
The bat closely misses you. The bat hits you.
You die...

....# ## .... #. #..
#... .. #.# ... #.# #.#
.. #.. #.# l# .#.
#!##.##)# ...## .
#..#.#r.#####...#####.
#...@b.....#.#.......
#....≈≈≈≈....#...§≈§≈
##..≈≈≈≈≈≈......§§≈≈≈
#..≈≈≈≈≈≈......§≈§≈≈
###..≈≈≈≈≈≈......§≈≈≈≈
#.....≈≈≈≈..#'##..§≈≈≈
#.#.#......##.###.....
##.#.###....+.<>.+.#...
#..#.. ...#.##.###...#.


You could see a giant gecko, a bat and a rat.

Vanquished Creatures
  2 giant geckos (D:1)
  A bat (D:1)
  A hobgoblin (D:1)
  A kobold (D:1)
  A rat (D:1)
6 creatures vanquished.

Notes
Turn   | Place    | Note
--------------------------------------------------------------
     0 | D:1      | Gorice the Centaur Wanderer began the quest for the Orb.
     0 | D:1      | Gorice set off with: a phial of floods, a +0 ring mail, a potion of curing, a +0 club, a bread ration {!e}
     0 | D:1      | Reached XP level 1. HP: 14/14 MP: 1/1
    52 | D:1      | Reached skill level 1 in Fighting
   126 | D:1      | HP: 1/16 [giant gecko (4)]
   127 | D:1      | Reached XP level 2. HP: 1/23 MP: 2/2
   128 | D:1      | Slain by a bat

Action                   || total
-------------------------++-------
Melee: Club              ||    32

Table legend:
 A = Turns spent in this place as a percentage of turns spent in the entire game.
 B = Non-inter-level travel turns spent in this place as a percentage of non-inter-level travel turns spent in the entire game.
 C = Inter-level travel turns spent in this place as a percentage of turns spent in this place.
 D = Turns resting spent in this place as a percentage of non-inter-level travel turns spent in this place.
 E = Turns spent auto-exploring this place as a percentage of non-inter-level travel turns spent in this place.
 F = Non-inter-level travel turns spent in this place divided by the number of levels of this place that you've seen.
                   A       B       C       D       E      F
               +-------+-------+-------+-------+-------+----------------------
         Total | 100.0 | 100.0 |   0.0 |   0.0 |   4.5 |  89.0
       Dungeon | 100.0 | 100.0 |   0.0 |   0.0 |   4.5 |  89.0
               +-------+-------+-------+-------+-------+----------------------

Vault maps used:
D:1:      dpeg_arrival_pits
